 Dungeon Crawl Stone Soup version 0.29-a0-243-g602b31c20e (webtiles) character file.

Game seed: 2109998222497393330

401129 drugrobin the Warrior (level 21, -1/202 HPs)
             Began as a Demigod Fighter on Mar 4, 2022.
             Slain by a spriggan defender
             ... wielding a +2 flail of distortion
             ... led by the Enchantress
              (9 damage)
             ... on level 3 of the Depths on Mar 5, 2022.
             The game lasted 04:21:29 (94265 turns).

drugrobin the Warrior (Demigod Fighter)            Turns: 94265, Time: 04:21:30

Health: -1/202     AC: 29    Str: 30    XL:     21   Next: 34%
Magic:  0/34       EV: 15    Int: 26    God:
Gold:   3651       SH:  0    Dex: 16    Spells: 1/20 levels left

rFire   + . .      SeeInvis +   a - +12 battleaxe "Grum" {vamp, rElec rN++ MP+9 Str-4}
rCold   . . .      Faith    .   (shield currently unavailable)
rNeg    + + +      Spirit   +   p - +0 shadow dragon scales
rPois   .          Reflect  .   A - +2 helmet {SInv}
rElec   +          Harm     .   V - +1 cloak {Stlth+}
rCorr   .          Rampage  .   e - +0 pair of fencer's gloves {Riposte Dex+3}
Will    ++++.                   R - +5 pair of boots of the Nexus {Slay+3 Stlth+}
Stlth   ++++......              r - amulet of guardian spirit
HPRegen 0.43/turn               H - ring of Fragile Peace {rN+ Will++ Str+5}
MPRegen 0.24/turn               T - ring of protection from fire

@: no status effects
A: high MP 1, forlorn, divine attributes
}: 2/15 runes: decaying, serpentine
a: no special abilities


You were on level 3 of the Depths.
You visited 9 branches of the dungeon, and saw 42 of its levels.
You also visited: Sewer, Gauntlet and Wizlab.

You collected 6168 gold pieces.
You spent 2517 gold pieces at shops.

Inventory:

Hand Weapons
 a - the +12 battleaxe "Grum" (weapon) {vamp, rElec rN++ MP+9 Str-4}
   (You acquired it on level 1 of the Swamp)

   It occasionally heals its wielder for a portion of the damage dealt when it
   wounds a living foe.
   Str:       It affects your strength (-4).
   rElec:     It insulates you from electricity.
   rN:        It greatly protects you from negative energy.
   MP:        It affects your magic capacity (+9).
 b - the +11 flail "Xaplui" {drain, rF+ rC+}
   (You took it off a naga ritualist on level 4 of the Snake Pit)

   A truly terrible weapon, it drains the life of any living foe it strikes.
   rF:        It protects you from fire.
   rC:        It protects you from cold.
Missiles
 h - 8 silver javelins (quivered)
 C - 15 curare-tipped darts
Armour
 e - the +0 pair of fencer's gloves (worn) {Riposte Dex+3}
   (You found it in a Gauntlet)

   It allows the wearer to riposte with melee weapons, swiftly retaliating
   against missed attacks.
   Dex:       It affects your dexterity (+3).
 p - +0 shadow dragon scales (worn)
 u - +0 swamp dragon scales
 A - a +2 helmet of see invisible (worn)
 R - the +5 pair of boots of the Nexus (worn) {Slay+3 Stlth+}
   (You found it on level 3 of the Vaults)

   Slay:      It affects your accuracy & damage with ranged weapons and melee
   (+3).
   Stlth:     It makes you more stealthy.
 V - a +1 cloak of stealth (worn)
Jewellery
 l - a ring of protection from cold
 q - a ring of resist corrosion
 r - an amulet of guardian spirit (around neck)
 H - the ring of Fragile Peace (left hand) {rN+ Will++ Str+5}
   (You found it in a wizard's laboratory)

   [ring of positive energy]

   Str:       It affects your strength (+5).
   rN:        It protects you from negative energy.
   Will:      It greatly increases your willpower.
 T - a ring of protection from fire (right hand)
 X - an amulet of regeneration
 Y - a ring of fire
Wands
 d - a wand of polymorph (9)
 g - a wand of mindburst (14)
 m - a wand of digging (4)
 n - a wand of iceblast (40)
 F - a wand of acid (30)
 N - a wand of paralysis (8)
 P - a wand of charming (15)
Scrolls
 c - a scroll of enchant armour
 i - 5 scrolls of teleportation
 s - 8 scrolls of vulnerability
 t - 8 scrolls of magic mapping
 x - 6 scrolls of fog
 B - 3 scrolls of fear
 I - a scroll of amnesia
 J - 5 scrolls of silence
 L - 6 scrolls of summoning
 M - 2 scrolls of blinking
Potions
 f - 6 potions of heal wounds
 j - 5 potions of haste
 k - 15 potions of curing
 o - 6 potions of brilliance
 w - 2 potions of ambrosia
 y - 8 potions of might
 D - 3 potions of resistance
 E - 3 potions of berserk rage
 G - 5 potions of cancellation
 S - 3 potions of lignification
 U - 6 potions of invisibility
 Z - 4 potions of attraction
Miscellaneous
 v - a phantom mirror (inert)
 z - a lightning rod (4/4)
 K - a box of beasts
 O - a tin of tremorstones (2/2)
 Q - a condenser vane (inert)
 W - a phial of floods (inert)


   Skills:
 + Level 20.4 Fighting
 - Level 20.0 Axes
 + Level 12.0 Armour
 + Level 12.2 Dodging
 - Level 2.6 Shields
 * Level 17.4 Necromancy
 * Level 7.2 Transmutations
 - Level 8.0 Evocations


You had one spell level left.
You knew the following spells:

 Your Spells              Type           Power      Damage    Failure   Level
a - Anguish               Hex/Necr       22%        N/A       13%         4
b - Pain                  Necr           100%       1d9       1%          1
c - Animate Skeleton      Necr           100%       N/A       1%          1
d - Death Channel         Necr           37%        N/A       6%          6
e - Animate Dead          Necr           37%        N/A       1%          4
f - Wereblood             Tmut           37%        N/A       3%          2
q - Apportation           Tloc           0%         N/A       43%         1

Your spell library contained the following spells:

 Spells                   Type           Power      Damage    Failure   Level
 Beastly Appendage        Tmut           74%        N/A       2%          1
 Sting                    Tmut/Pois      72%        1d6       11%         1
 Foxfire                  Conj/Fire      0%         2x1d4     43%         1
 Sandblast                Erth           0%         2d4       43%         1
 Summon Small Mammal      Summ           0%         N/A       43%         1
 Corpse Rot               Necr/Air       90%        N/A       1%          2
 Vampiric Draining        Necr           74%        2d11      1%          3
 Dispel Undead            Necr           74%        3d25      1%          4
 Agony                    Necr           74%        N/A       1%          5
 Excruciating Wounds      Necr           37%        N/A       1%          5
 Passwall                 Tmut/Erth      15%        N/A       16%         2
 Spider Form              Tmut/Pois      18%        N/A       32%         3
 Ignite Poison            Fire/Tmut/Pois 12%        N/A       45%         3
 Blade Hands              Tmut           18%        N/A       54%         5
 Ensorcelled Hibernation  Hex/Ice        0%         N/A       56%         2
 Static Discharge         Conj/Air       0%         N/A       56%         2
 Call Canine Familiar     Summ           0%         N/A       80%         3
 Conjure Flame            Conj/Fire      0%         6-21      80%         3
 Dazzling Flash           Conj/Hex       0%         N/A       80%         3
 Inner Flame              Hex/Fire       0%         N/A       80%         3
 Portal Projectile        Hex/Tloc       0%         N/A       80%         3
 Stone Arrow              Conj/Erth      0%         3d7       80%         3
 Swiftness                Air            0%         N/A       80%         3
 Simulacrum               Ice/Necr       22%        N/A       90%         6
 Borgnjor's Revivificati  Necr           37%        N/A       94%         8
 Irradiate                Conj/Tmut      9%         3d16      96%         5
 Yara's Violent Unravell  Hex/Tmut       9%         3d6       96%         5
 Airstrike                Air            0%         N/A       99%         4
 Flame Wave               Conj/Fire      0%         2d4       99%         4
 Iskenderun's Mystic Bla  Conj/Tloc      0%         2d3       99%         4
 Leda's Liquefaction      Hex/Erth       0%         N/A       99%         4
 Passage of Golubria      Tloc           0%         N/A       99%         4
 Sticky Flame             Conj/Fire      0%         2d3       99%         4
 Summon Lightning Spire   Summ/Air       0%         N/A       99%         4
 Iskenderun's Battlesphe  Conj           0%         2d6       100%        5
 Lightning Bolt           Conj/Air       0%         1d11      100%        5
 Silence                  Hex/Air        0%         N/A       100%        5
 Iron Shot                Conj/Erth      0%         9d1       100%        6
 Starburst                Conj/Fire      0%         6d3       100%        6
 Dragon Form              Tmut           18%        N/A       100%        7
 Spellforged Servitor     Conj/Summ      0%         N/A       100%        7
 Lehudib's Crystal Spear  Conj/Erth      0%         10d2      100%        8
 Necromutation            Tmut/Necr      29%        N/A       100%        8
 Fire Storm               Conj/Fire      0%         5d1       100%        9


Dungeon Overview and Level Annotations

Branches:
Dungeon (15/15)            Temple (0/1) D:4            Lair (6/6) D:10
  Swamp (4/4) Lair:3        Snake (4/4) Lair:2        Slime (0/5) Lair:6
    Orc (2/2) D:11            Elf (3/3) Orc:2        Vaults (3/5) D:13
  Crypt (0/3) Vaults:2     Depths (4/4) D:15           Hell (visited)
  Sewer (visited)          WizLab (visited)         Gauntlet (visited)
    Dis: Hell:1         Geh: Hell:1         Coc: Hell:1         Tar: Hell:1
    Zot: Depths:4

Shops:
D:7 :   Orc:2 [*([!   Elf:1 =(   Elf:2 (   Snake:4 ?::=   Vaults:2 *
Vaults:3 *   Depths:3 *

Portals:
Hell: Depths:1 Depths:2 Depths:3
Abyss: Depths:1 Depths:3
Pandemonium: Depths:2
Ziggurat: Depths:3

Annotations:
D:2 Sigmund
Lair:2 exclusion: 4 oklob plants
Swamp:4 Lernaean hydra
Depths:3 exclusions: door and 2 more exclusions
Hell Geryon


Innate Abilities, Weirdness & Mutations

You have an increased reservoir of magic. (+10% MP)
You shall have no god before yourself.
Your divine heritage dramatically boosts your attributes as you level up.


Message History

The spriggan defender blocks your attack.
The spriggan defender hits you with a +2 flail of distortion!!
* * * LOW HITPOINT WARNING * * *
Space warps around you.
* * * LOW HITPOINT WARNING * * *
Unknown command.
Unknown command.
Unknown command.
Unknown command.
The spriggan defender hits you but does no damage.
Space warps around you.
* * * LOW HITPOINT WARNING * * *
Unknown command.
Unknown command.
Unknown command.
Unknown command.
Unknown command.
Unknown command.
You feel better.
The spriggan defender hits you with a +2 flail of distortion!
* * * LOW HITPOINT WARNING * * *
Space warps around you.
* * * LOW HITPOINT WARNING * * *
The spriggan defender completely misses you.
You riposte.
The spriggan defender blocks your attack.
Unknown command.
Unknown command.
The spriggan defender completely misses you.
Unknown command.
Unknown command.
Clouds of poison gas condense around you!
The condenser dries out!
The spriggan is engulfed in poison gas.
The spriggan is poisoned.
The spriggan defender is engulfed in poison gas.
The spriggan defender is poisoned.
The spriggan defender hits you with a +2 flail of distortion!
* * * LOW HITPOINT WARNING * * *
Space warps horribly around you!
You die...

.8.##.#+ ##..# #...(....#
.......# #..## #........#
#.#.#.#######..# #........#
########.8.##.##
####........#
...............#
#..'..i.....#
#.#.#.#.#.#.#.##
#>##........#
###############
#[##........#
###############i##........#
#.#.........@iiĀ§###########
#...######'######
######......# #......#
#.....}# #......# #......#
##########....<.#
........###'##### ########


You could see a spriggan defender (poisoned), a spriggan air mage (repels
missiles) and a spriggan (poisoned).

Vanquished Creatures
  A juggernaut (shapeshifter) (WizLab)
  Saint Roka (Vaults:2)
  Vashnia (Snake:3)
  A caustic shrike (Depths:2)
  the Enchantress (Depths:4)
  A mutant beast (WizLab)
  Rupert (D:12)
  2 hellephants (Depths:3)
  Jorgrun (Snake:1)
  The ghost of Iruic the Warrior, an adept OgFi of Okawaru (Swamp:2)
  3 liches
  3 deep elf blademasters
  A deep elf master archer (Elf:3)
  A titan (D:15)
  2 sphinxes
  3 thorn hunters
  Agnes (D:14)
  2 tengu reavers
  A shadow dragon (Depths:3)
  6 fire giants
  A revenant (Vaults:2)
  A fenstrider witch (shapeshifter) (WizLab)
  4 nagarajas
  4 frost giants
  2 deep elf sorcerers
  6 vault wardens
  Donald (Snake:3)
  An orc warlord (Orc:2)
  4 spriggan defenders
  Aizul (Snake:1)
  4 deep elf elementalists (Elf:3)
  7 ironbound preservers
  25 very ugly things
  3 war gargoyles
  3 ironbound thunderhulks (Vaults:3)
  A vampire knight (Depths:3)
  7 deep elf demonologists
  5 eleionomae
  11 stone giants
  2 green draconians (Swamp:4)
  2 dire elephants (Vaults:3)
  6 deep elf annihilators
  A minotaur (Gauntlet)
  2 entropy weavers (Vaults:2)
  An entropy weaver (shapeshifter) (WizLab)
  The ghost of ParaBellum the Fighter, a journeyman MiBe of Trog (Lair:2)
  4 bunyips
  8 deep elf death magi (Elf:3)
  A spark wasp (shapeshifter) (WizLab)
  2 crystal guardians
  Josephine (Snake:1)
  4 ettins
  A deep elf high priest (Elf:3)
  4 fire dragons
  7 great orbs of eyes
  Harold (Lair:1)
  5 yaktaur captains (Vaults:3)
  3 peacekeepers
  3 vault guards
  8 rakshasas
  5 salamander tyrants
  A ghost crab (Swamp:4)
  14 hydras
  A catoblepas (Lair:6)
  9 naga warriors
  A hell beast (Depths:2)
  3 spriggan air magi
  5 boulder beetles
  An ice dragon (Depths:2)
  A juggernaut simulacrum (Depths:1)
  12 anacondas
  7 ironbound frosthearts
  5 centaur warriors
  30 dancing weapons
  An anaconda (shapeshifter) (WizLab)
  A merfolk avatar (Lair:6)
  A death knight (D:14)
  A vampire mage (Vaults:2)
  10 hell hogs
  6 alligators
  4 tengu warriors
  4 soul eaters
  6 two-headed ogres
  A titan zombie (Vaults:2)
  3 deep troll earth magi (Depths:2)
  6 death yaks (Lair:5)
  8 shock serpents
  18 naga sharpshooters
  Urug (Lair:6)
  4 spriggan berserkers
  2 orc high priests (Orc:2)
  Nergalle (Lair:3)
  13 deep elf knights
  A titan skeleton (Depths:3)
  2 iron trolls (Depths:2)
  Amaemon (Lair:3)
  7 salamander mystics
  2 sun demons (Depths:2)
  4 hell knights (Depths:2)
  6 goliath frogs
  A storm dragon skeleton (Vaults:2)
  17 deep trolls
  A flayed ghost (Depths:2)
  A glowing orange brain (shapeshifter) (WizLab)
  2 glowing orange brains
  3 bog bodies
  3 spriggan druids
  5 naga ritualists
  17 swamp dragons
  A steelbarb worm (shapeshifter) (Vaults:3)
  8 lindwurms (Vaults:1)
  A swamp dragon (shapeshifter) (WizLab)
  4 phantasmal warriors
  A shadow demon (Depths:2)
  A tengu zombie (Vaults:2)
  8 wizards
  Pikel (D:6)
  2 necromancers
  4 deep elf archers
  12 mana vipers
  2 harpies (Lair:6)
  9 ironbound convokers
  An orc knight (D:14)
  30 deep elf pyromancers
  46 ugly things
  A wolf spider (D:12)
  A salamander (shapeshifter) (WizLab)
  A mana viper (shapeshifter) (WizLab)
  5 cyclopes
  20 salamanders
  5 orc sorcerers
  17 deep elf zephyrmancers
  3 manticores
  A sphinx skeleton (Vaults:2)
  22 elephants
  A moth of wrath (shapeshifter) (WizLab)
  A frost giant skeleton (Depths:1)
  2 torpor snails
  6 guardian serpents
  38 black mambas
  16 naga magi
  3 guardian serpents (shapeshifter) (WizLab)
  8 vault sentinels
  2 smoke demons (Depths:2)
  2 gargoyles
  An orange demon (Lair:3)
  A titan simulacrum (Depths:3)
  8 rime drakes
  A human zombie (Vaults:2)
  13 cane toads
  2 cane toads (shapeshifter) (WizLab)
  13 komodo dragons
  2 kobold demonologists
  19 yaktaurs
  A yaktaur (shapeshifter) (WizLab)
  3 tengu conjurers
  An efreet (D:10)
  A freezing wraith (D:15)
  2 elves (WizLab)
  2 queen bees (shapeshifter) (WizLab)
  A red devil (Depths:2)
  A wind drake (shapeshifter) (WizLab)
  A hornet (shapeshifter) (WizLab)
  A meliai (shapeshifter) (WizLab)
  8 trolls
  13 hornets
  A tarantella (Vaults:2)
  2 wind drakes (Lair:6)
  Grinder (D:6)
  7 tyrant leeches
  30 slime creatures
  5 polar bears
  A blink frog (shapeshifter) (WizLab)
  A raiju (shapeshifter) (WizLab)
  13 blink frogs
  3 air elementals (Elf:1)
  7 dream sheep (Lair:6)
  3 jumping spiders (shapeshifter) (WizLab)
  10 spriggans
  2 vampires (D:10)
  12 wraiths
  7 large abominations (WizLab)
  2 shadows (D:10)
  48 yaks
  A yak (shapeshifter) (WizLab)
  An ettin skeleton (Depths:1)
  6 wyverns
  A human (shapeshifter) (WizLab)
  4 humans (WizLab)
  A fire bat (shapeshifter) (Elf:1)
  5 water elementals
  A chaos spawn (Depths:2)
  A basilisk (D:10)
  A fire elemental (Elf:3)
  A neqoxec (Depths:2)
  3 steam dragons
  3 vampire mosquitoes (D:9)
  An iron golem (WizLab)
  3 redbacks (Vaults:2)
  Edmund (D:6)
  2 wargs
  59 nagas
  A swamp worm (shapeshifter) (D:15)
  11 swamp worms
  An acid dragon (D:10)
  14 water moccasins
  Pargi (Sewer)
  5 floating eyes
  A floating eye (shapeshifter) (WizLab)
  8 swamp drakes
  2 ice beasts
  A black bear (shapeshifter) (WizLab)
  4 sky beasts
  2 black bears
  27 orc warriors
  8 ogres
  20 wolves
  A boggart (D:10)
  9 centaurs
  A lemure (D:6)
  7 small abominations (WizLab)
  3 kobold brigands
  An earth elemental (Elf:1)
  A necrophage (D:8)
  2 scorpions
  15 bullfrogs
  2 gnoll sergeants
  3 wights (D:9)
  6 killer bees (D:8)
  2 howler monkeys (D:10)
  An electric eel (Lair:1)
  5 hounds
  21 orc priests
  3 jellies
  A gnoll shaman (D:6)
  2 iguanas (D:6)
  32 orc wizards
  A hound skeleton (D:3)
  8 adders
  15 gnolls
  A river rat (D:3)
  A shadow imp (D:6)
  3 white imps
  An ufetubus (D:7)
  3 adder skeletons (D:3)
  4 worms
  A dart slug (D:2)
  73 orcs
  5 ball pythons
  7 bats
  9 endoplasms
  3 giant cockroaches (D:3)
  4 goblins
  6 hobgoblins
  14 jackals
  A quokka (D:1)
  4 ball python skeletons (D:3)
  8 frilled lizards
  12 kobolds
  A quokka skeleton (D:3)
  10 rats
  7 briar patches (Swamp:4)
  A fire vortex (Hell)
1509 creatures vanquished.

Vanquished Creatures (collateral kills)
  A hellephant (Depths:3)
  A deep elf master archer (Elf:3)
  A sphinx (Vaults:2)
  An ancient champion (Vaults:2)
  A frost giant (Depths:3)
  6 very ugly things
  An ironbound thunderhulk (Vaults:1)
  A vampire knight (Depths:3)
  A deep elf annihilator (Elf:3)
  2 dire elephants (Vaults:3)
  A deep elf death mage (Elf:3)
  A rakshasa (Depths:1)
  A deep elf high priest (Elf:3)
  A spriggan air mage (Depths:3)
  An ironbound frostheart (Vaults:1)
  3 vault guards (Vaults:1)
  2 tengu warriors
  A deep troll earth mage (Depths:2)
  8 deep trolls
  A golden dragon zombie (Depths:3)
  A necromancer (Depths:1)
  2 deep elf zephyrmancers (Elf:3)
  2 lindwurms (Vaults:2)
  7 ugly things
  A manticore (shapeshifter) (WizLab)
  A cane toad (Lair:1)
  A troll (shapeshifter) (WizLab)
  A hornet (Depths:3)
  A slime creature (Vaults:3)
  A spriggan (Depths:3)
  2 small abominations (WizLab)
  A human skeleton (Depths:3)
  An earth elemental (Elf:3)
58 creatures vanquished.

Vanquished Creatures (others)
  An ironbound thunderhulk (Vaults:3)
  A stone giant (Depths:3)
  A fire dragon (Depths:2)
  A deep elf knight (Elf:3)
  A deep troll (Depths:2)
  A wizard (Vaults:2)
  A bloated husk (Swamp:1)
  A shadow (D:10)
  2 orcs (Orc:2)
  53 fungi
  94 plants
  A withered plant (D:3)
158 creatures vanquished.

Grand Total: 1725 creatures vanquished

Notes
Turn   | Place    | Note
-------+----------+-------------------------------------------
     0 | D:1      | drugrobin the Demigod Fighter began the quest for the Orb.
     0 | D:1      | Reached XP level 1. HP: 18/18 MP: 3/3
   413 | D:1      | Reached XP level 2. HP: 25/25 MP: 4/4
  1369 | D:2      | Reached XP level 3. HP: 31/31 MP: 5/5
  1959 | D:2      | Noticed Sigmund
  2325 | D:3      | Reached XP level 4. HP: 26/38 MP: 6/6
  2710 | D:3      | Found a glowing drain.
  2866 | Sewer    | Entered a sewer
  2941 | Sewer    | Noticed Pargi
  2958 | Sewer    | Killed Pargi
  2959 | Sewer    | Reached XP level 5. HP: 46/46 MP: 7/7
  3765 | D:3      | Reached skill level 5 in Axes
  3850 | D:4      | Reached XP level 6. HP: 52/52 MP: 8/8
  4239 | D:4      | Found a staircase to the Ecumenical Temple.
  4460 | D:5      | Entered Level 5 of the Dungeon
  4460 | D:5      | Noticed a water moccasin
  4474 | D:4      | Killed a water moccasin
  4780 | D:5      | Reached skill level 5 in Fighting
  4780 | D:5      | Reached XP level 7. HP: 61/61 MP: 9/9
  5800 | D:6      | Noticed Edmund
  6053 | D:6      | Reached XP level 8. HP: 60/70 MP: 10/10
  6326 | D:6      | HP: 2/70 [poisoned by Edmund]
  6750 | D:6      | Killed Edmund
  7149 | D:6      | Noticed Pikel
  7183 | D:6      | Killed Pikel
  7272 | D:6      | Noticed Grinder
  7272 | D:6      | Paralysed by Grinder for 2 turns
  7291 | D:6      | Paralysed by Grinder for 4 turns
  7298 | D:6      | Paralysed by Grinder for 5 turns
  7483 | D:6      | Killed Grinder
  7484 | D:6      | Reached XP level 9. HP: 79/79 MP: 11/11
  8055 | D:7      | Found Vadou's Book Emporium.
  8257 | D:7      | Reached skill level 10 in Axes
 11169 | D:9      | Identified the +1 leather armour of Talugeet {rF+ Str+3}
 11177 | D:9      | Reached XP level 10. HP: 90/90 MP: 13/13
 12558 | D:10     | Entered Level 10 of the Dungeon
 12749 | D:10     | Noticed a two-headed ogre
 13299 | D:9      | Killed a two-headed ogre
 13871 | D:10     | Noticed a cyclops
 13871 | D:10     | Noticed a purple ugly thing
 14556 | D:11     | Noticed a two-headed ogre
 15233 | D:10     | Found a staircase to the Lair.
 15434 | D:10     | Identified the +1 robe of Rilihush {Dex+3}
 15464 | D:10     | Reached XP level 11. HP: 61/99 MP: 14/14
 15728 | Lair:1   | Entered Level 1 of the Lair of Beasts
 15995 | Lair:1   | Reached skill level 10 in Fighting
 17493 | D:10     | Noticed a two-headed ogre
 17616 | D:11     | Killed a two-headed ogre
 18087 | D:10     | Noticed a two-headed ogre
 18900 | Lair:1   | Found a transporter.
 18973 | Lair:1   | Found a transporter.
 18975 | Lair:1   | Noticed a swamp dragon
 19141 | Lair:1   | Noticed Harold
 19158 | Lair:1   | Killed Harold
 19630 | Lair:2   | Identified a scroll of acquirement
 19630 | Lair:2   | Acquired a +6 war axe of draining
 19645 | Lair:2   | Found a gate leading to a gauntlet.
 19901 | Gauntlet | Entered a Gauntlet
 19901 | Gauntlet | Found a transporter.
 20048 | Gauntlet | Found a transporter.
 20050 | Gauntlet | Found a transporter.
 20065 | Gauntlet | Found a transporter.
 20066 | Gauntlet | Found a transporter.
 20067 | Gauntlet | Noticed a reaper
 20073 | Gauntlet | Found the +0 pair of fencer's gloves {Riposte Dex+3}
 20076 | Gauntlet | Found a transporter.
 20094 | Gauntlet | Found a transporter.
 20101 | Gauntlet | Noticed a green death
 20102 | Gauntlet | Found a transporter.
 20113 | Gauntlet | Found a transporter.
 20129 | Gauntlet | Found a transporter.
 20130 | Gauntlet | Noticed a soul eater
 20139 | Gauntlet | Found a transporter.
 20140 | Gauntlet | Found a transporter.
 20194 | Gauntlet | Found a transporter.
 20208 | Gauntlet | Found a transporter.
 20211 | Gauntlet | Found a runed translucent door.
 21151 | Gauntlet | Noticed a minotaur
 21164 | Gauntlet | Killed a minotaur
 21444 | Lair:2   | Noticed a four-headed hydra
 21550 | Lair:2   | Killed a four-headed hydra
 21741 | Lair:2   | Reached skill level 15 in Axes
 21919 | Lair:2   | Found a runed translucent gate.
 21919 | Lair:2   | Found a runed translucent gate.
 21920 | Lair:2   | Found a runed translucent gate.
 21932 | Lair:2   | Noticed ParaBellum's ghost (journeyman MiBe)
 21950 | Lair:2   | Paralysed by a floating eye for 4 turns
 22365 | Lair:2   | Reached XP level 12. HP: 103/110 MP: 15/15
 22524 | Lair:2   | Found a staircase to the Snake Pit.
 22949 | Lair:2   | Killed ParaBellum's ghost
 25246 | D:11     | Reached skill level 5 in Armour
 25320 | D:11     | Found a staircase to the Orcish Mines.
 25331 | D:11     | Noticed a boulder beetle
 25344 | D:11     | Killed a boulder beetle
 26039 | D:12     | Noticed Rupert
 26391 | Lair:3   | Found a staircase to the Swamp.
 26419 | Lair:3   | Noticed Nergalle
 26502 | Lair:3   | Killed Nergalle
 27468 | Lair:1   | Acquired 454 gold pieces
 27476 | Lair:1   | Learned a level 4 spell: Anguish
 27640 | Lair:3   | Noticed Amaemon
 27651 | Lair:3   | Killed Amaemon
 27976 | Lair:4   | Reached skill level 1 in Necromancy
 28171 | Lair:4   | Reached XP level 13. HP: 119/119 MP: 16/16
 30070 | Lair:5   | Reached skill level 5 in Necromancy
 30082 | Lair:5   | Learned a level 1 spell: Pain
 30792 | Lair:6   | Entered Level 6 of the Lair of Beasts
 31696 | Lair:6   | Paralysed by a hornet for 3 turns
 31897 | Lair:6   | Found a staircase to the Slime Pits.
 31919 | Lair:6   | Reached XP level 14. HP: 100/130 MP: 17/17
 32445 | Lair:6   | Noticed Urug
 32480 | Lair:6   | Killed Urug
 32889 | Lair:6   | Identified the +3 flail of the Abyss {freeze, Fragile rElec
                  | rN+}
 33352 | Orc:1    | Entered Level 1 of the Orcish Mines
 33667 | Orc:2    | Entered Level 2 of the Orcish Mines
 35008 | Orc:2    | Reached skill level 10 in Armour
 35751 | Orc:2    | Noticed an orc warlord
 35862 | Orc:2    | Killed an orc warlord
 35929 | Orc:2    | Found Cenim's General Store.
 35929 | Orc:2    | Found Hejuyqi's Antique Armour Shop.
 35989 | Orc:2    | Found Pomel's Antique Weapon Shop.
 35993 | Orc:2    | Found Mid Cass's Armour Boutique.
 35998 | Orc:2    | Bought a faintly glowing plate armour for 728 gold pieces
 35998 | Orc:2    | Identified the +1 plate armour "Namupa" {rF+} (You bought
                  | it in a shop on level 2 of the Orcish Mines)
 35998 | Orc:2    | Bought a glowing plate armour for 676 gold pieces
 36306 | Orc:2    | Found Puckasm's Distillery.
 36333 | Orc:2    | Found a staircase to the Elven Halls.
 36348 | Orc:2    | Bought a potion of curing for 39 gold pieces
 36348 | Orc:2    | Bought a potion of heal wounds for 65 gold pieces
 37154 | D:13     | Identified the +6 mace "Dragon's Tongue" {vorpal, *Slow rC-
                  | rCorr Dex+7}
 37991 | D:13     | Found a gate to the Vaults.
 38988 | D:14     | Noticed Agnes
 38993 | D:14     | Killed Agnes
 40173 | D:14     | Reached XP level 15. HP: 123/139 MP: 18/18
 40502 | D:15     | Entered Level 15 of the Dungeon
 40725 | D:14     | Reached skill level 15 in Fighting
 42904 | D:15     | Found a staircase to the Depths.
 43373 | Swamp:1  | Entered Level 1 of the Swamp
 43875 | Swamp:1  | Reached skill level 1 in Evocations
 44032 | Swamp:1  | Acquired the +12 battleaxe "Grum" {vamp, rElec rN++ MP+9
                  | Str-4}
 45005 | Swamp:2  | Found a runed translucent door.
 45008 | Swamp:2  | Noticed Iruic's ghost (adept OgFi)
 45220 | Swamp:2  | Killed Iruic's ghost
 45764 | Swamp:2  | Reached skill level 10 in Necromancy
 45775 | Swamp:3  | Noticed a thorn hunter
 45795 | Swamp:3  | Killed a thorn hunter
 46231 | Swamp:3  | Identified the +1 plate armour of the Spheres {rF- rCorr
                  | Dex+6 SInv}
 47683 | Swamp:4  | Entered Level 4 of the Swamp
 47725 | Swamp:3  | Reached skill level 1 in Dodging
 49344 | Swamp:4  | Reached XP level 16. HP: 147/151 MP: 19/19
 50940 | Swamp:4  | Acquired a +0 vorpal executioner's axe
 51294 | Swamp:4  | HP: 2/151 [five-headed hydra (11)]
 51827 | Swamp:4  | Noticed the 27-headed Lernaean hydra
 51885 | Swamp:3  | Reached skill level 5 in Evocations
 52024 | Swamp:4  | Learned a level 1 spell: Apportation
 52851 | Swamp:4  | Got a decaying rune of Zot
 53333 | Snake:1  | Entered Level 1 of the Snake Pit
 53477 | Snake:1  | Noticed Josephine
 53509 | Snake:1  | Killed Josephine
 53698 | Snake:1  | Noticed Aizul
 53911 | Snake:1  | Killed Aizul
 54313 | Snake:1  | Noticed Jorgrun
 54522 | Snake:1  | Killed Jorgrun
 57029 | Snake:2  | Reached skill level 5 in Dodging
 57548 | Snake:2  | HP: 5/152 [naga sharpshooter/arrow (7)]
 60151 | Snake:3  | Noticed Vashnia
 60578 | Snake:3  | Reached XP level 17. HP: 152/159 MP: 20/20
 61236 | Snake:4  | Entered Level 4 of the Snake Pit
 62681 | Snake:3  | Killed Vashnia
 63542 | Snake:3  | Identified the +4 spear of Kyroxkum {drain, rElec}
 64065 | Snake:3  | Noticed Donald
 64438 | Snake:3  | Killed Donald
 65228 | Snake:4  | Found Lilirgh's Book Shop.
 65229 | Snake:4  | Found Ecuog's Magic Scroll Boutique.
 65231 | Snake:4  | Found Vach's Jewellery Emporium.
 65232 | Snake:4  | Found Apsagh's Book Shop.
 65309 | Snake:4  | Bought an amulet of guardian spirit for 450 gold pieces
 65496 | Snake:4  | Identified the +11 flail "Xaplui" {drain, rF+ rC+}
 67802 | Snake:4  | Got a serpentine rune of Zot
 68722 | Elf:1    | Entered Level 1 of the Elven Halls
 69200 | Elf:1    | Got the Incunabulum of Attacks
 69203 | Elf:1    | Learned a level 1 spell: Animate Skeleton
 69426 | Elf:1    | Paralysed by an air elemental for 1 turns
 69428 | Elf:1    | Paralysed by an air elemental for 1 turns
 70273 | Elf:1    | Found Vilaeh's Antique Weapon Boutique.
 70477 | Elf:1    | Found Umei's Jewellery Boutique.
 70548 | Elf:1    | Reached XP level 18. HP: 89/170 MP: 14/21
 70768 | Elf:1    | Learned a level 6 spell: Death Channel
 71046 | Elf:2    | Found Oppeo's Weapon Emporium.
 71108 | Elf:2    | Found a magical portal.
 71111 | WizLab   | Entered Cigotuvi's Fleshworks
 71813 | WizLab   | Got the Volume of Transmigration
 71815 | WizLab   | Got the Handbook of Transmutation
 71818 | WizLab   | Got Cigotuvi's Guide on Transmutation and Stolen Souls
 72778 | WizLab   | Paralysed by a floating eye for 4 turns
 73121 | WizLab   | Noticed a juggernaut
 73121 | WizLab   | Noticed a golden dragon
 73121 | WizLab   | an acid blob changed into a golden dragon
 73152 | WizLab   | Killed a juggernaut
 73504 | WizLab   | Noticed a shard shrike
 73505 | WizLab   | a shard shrike changed into a rockslime
 73507 | WizLab   | Noticed a juggernaut
 73507 | WizLab   | a rockslime changed into a juggernaut
 73508 | WizLab   | Noticed a caustic shrike
 73508 | WizLab   | a juggernaut changed into a caustic shrike
 73529 | WizLab   | Noticed an iron giant
 73537 | WizLab   | an iron giant changed into a shadow dragon
 73797 | WizLab   | Identified the ring of Fragile Peace {rN+ Will++ Str+5}
 74106 | Elf:2    | Found a huge runed translucent gate.
 74106 | Elf:2    | Found a huge runed translucent gate.
 74106 | Elf:2    | Found a huge runed translucent gate.
 74107 | Elf:2    | Found a huge runed translucent gate.
 74110 | Elf:2    | Found a huge runed translucent gate.
 74204 | Elf:2    | Identified the +5 hand axe of drugrobin's Death {flame,
                  | Str+4}
 74647 | Elf:3    | Entered Level 3 of the Elven Halls
 75780 | Elf:3    | Noticed a Tzitzimitl
 76544 | Vaults:1 | Entered Level 1 of the Vaults
 77652 | Vaults:1 | Reached skill level 10 in Dodging
 78592 | Vaults:1 | Reached XP level 19. HP: 156/179 MP: 22/22
 79379 | Elf:3    | Identified the +7 eveningstar of the Apocalypse {freeze,
                  | Int+4}
 79925 | Elf:3    | Identified the +8 rapier "Spiderbane" {freeze, Str+2 Int-5
                  | Dex+6 Stlth+}
 79925 | Elf:3    | Identified the +2 robe of Repulsion {Archmagi}
 79959 | Elf:3    | Identified the +3 leather armour of Terror {+Inv}
 79959 | Elf:3    | Identified the amulet of Trepidation {Reflect Fragile Will+
                  | Int+4 SH+5}
 80629 | Elf:3    | Got Maptogh's Collected Works on Aerial Unholy Rites
 80636 | Elf:3    | Learned a level 4 spell: Animate Dead
 80687 | Elf:3    | Got Yppalyc's Papyrus of Scorching Attacks
 80697 | Elf:3    | Identified the +12 shortbow of Theory {freeze, Str+6}
 82789 | D:12     | Killed Rupert
 83341 | Vaults:2 | Found Haystrig's Assorted Antiques.
 83349 | Vaults:2 | Bought a potion of heal wounds for 135 gold pieces
 83349 | Vaults:2 | Bought a pair of shimmering gloves for 256 gold pieces
 83349 | Vaults:2 | Identified the -2 pair of gloves "Baetuhipe" {Slay+2} (You
                  | bought it in a shop on level 2 of the Vaults)
 83971 | Vaults:2 | Got the Almanac of Moulding
 84061 | Vaults:2 | Reached skill level 15 in Necromancy
 84456 | Vaults:2 | Found a staircase to the Crypt.
 85166 | Vaults:2 | Noticed Saint Roka
 85186 | Vaults:2 | Killed Saint Roka
 85641 | Vaults:3 | Found Reokepy's General Store.
 85644 | Vaults:3 | Bought a scroll of blinking for 105 gold pieces
 85699 | Vaults:3 | Identified the +5 pair of boots of the Nexus {Slay+3
                  | Stlth+}
 85894 | Vaults:3 | Reached XP level 20. HP: 191/191 MP: 24/24
 87105 | Vaults:3 | Learned a level 2 spell: Wereblood
 87739 | Depths:1 | Entered Level 1 of the Depths
 87763 | D:15     | Reached skill level 1 in Transmutations
 88207 | Depths:1 | Found a gateway to Hell.
 88216 | Hell     | Entered the Vestibule of Hell
 88216 | Hell     | Noticed Geryon
 88814 | Depths:1 | Found a one-way gate to the infinite horrors of the Abyss.
 90875 | Depths:2 | Reached skill level 5 in Transmutations
 91068 | Depths:2 | Found a one-way gate leading to the halls of Pandemonium.
 91735 | Depths:2 | Noticed a caustic shrike
 91744 | Depths:2 | Killed a caustic shrike
 92439 | Depths:3 | Found Rulet's General Store.
 92445 | Depths:3 | Bought a scroll of teleportation for 63 gold pieces
 92473 | Depths:3 | Reached XP level 21. HP: 201/201 MP: 21/25
 93681 | Depths:3 | Found a one-way gateway to a ziggurat.
 94181 | Depths:3 | Noticed the Enchantress
 94187 | Depths:4 | Entered Level 4 of the Depths
 94248 | Depths:4 | Killed the Enchantress
 94265 | Depths:3 | HP: 8/202 [spriggan defender/+2 flail of distortion[the
                  | Enchantress] (12)]
 94265 | Depths:3 | Slain by a spriggan defender

Illustrated notes

Levels and vault maps discovered:
D:1:      minmay_arrival_wavy_path, layout_basic
D:2:      layout_basic, basic_altar, uniq_sigmund
D:3:      layout_rooms, mainiacjoe_overflow_six_doors_small,
          portal_sewer_entry_c, serial_undead, serial_undead_c, serial_undead_c,
          serial_undead_e, serial_undead_d, serial_undead_b, serial_undead_c,
          serial_undead_a, serial_undead_a, st_stairs_5, palyth_stone_intersect,
          hex_tiny, kennysheep_generic_room_13
D:4:      layout_rooms, minmay_temple_entry_hall, minmay_quadrilaterals
D:5:      layout_rooms, serial_co_window_serial, co_window_of_opportunity_a,
          co_window_corner_a, co_window_of_opportunity_a, co_window_corner_a,
          co_window_paths_a, co_window_of_opportunity_c, co_window_2corner,
          co_window_broadway_c, co_window_unsneaky_path_d, co_window_cross_2,
          co_window_2corner, co_window_2corner, glass_columns_b,
          glass_columns_a, glass_columns_c, kennysheep_windowed_goal
D:6:      layout_basic, mainiacjoe_overflow_swirl, uniq_pikel, uniq_grinder,
          uniq_edmund
D:7:      layout_basic, serial_shops, nicolae_square_shop,
          kennysheep_generic_room_5
D:8:      layout_basic, grunt_qazlal_clouds
D:9:      layout_roguey
D:10:     minmay_the_grid_plus_closed [minmay_the_grid_broken_lines,
          minmay_the_grid_box_x, minmay_the_grid_embedded,
          minmay_the_grid_plusring, minmay_the_grid_prize_big_room],
          layout_small_grid, erik_lair_dragon
D:11:     layout_cave_pods, david_orc_1_choice
D:12:     layout_cave_pools, uniq_rupert
D:13:     layout_small_grid, david_vaults_4, minivault_24
D:14:     layout_basic, skrybe_limestone_x, uniq_agnes
D:15:     gammafunk_enter_depths_forms, layout_cave_pods,
          chequers_serial_rivers_small_3
Lair:1:   gammafunk_cloud_chamber, layout_loops_ring, serial_bayou_shore_a,
          grunt_megastairs_5, infiniplex_staircase_pool, uniq_harold
Lair:2:   layout_chaotic_city, minmay_snake_entry_guardpost_small,
          ebering_ghost_rock_garden, gauntlet_entry_generic,
          portal_ice_cave_rime, st_stairs_5, disabler_island
Lair:3:   layout_cave_pods, swamp_mist, st_stairs_11,
          infiniplex_staircase_pool_2, uniq_nergalle, uniq_amaemon
Lair:4:   layout_hall_layers, grunt_megastairs_3
Lair:5:   layout_loops_ring, beast_lair_carwin_11
Lair:6:   gammafunk_lair_ancient_temple, layout_concentric_octagons,
          slime_altar_1, uniq_urug
Swamp:1:  layout_basic_swamp, nicolae_swamp_fairy_circle
Swamp:2:  layout_basic_swamp, hellmonk_ghost_happy_afterlife,
          hangedman_swamp_pad, swamp_pool1
Swamp:3:  layout_basic_swamp, nicolae_swamp_small_spring, swamp_pool2
Swamp:4:  swamp_old_school, layout_basic_swamp, swamp_pool5,
          hangedman_swamp_dais
Snake:1:  layout_gridlike, uniq_aizul, uniq_jorgrun, uniq_josephine
Snake:2:  layout_chambers, nicolae_snake_lava_pool, grunt_megastairs_4
Snake:3:  nicolae_snake_crotalidae_crossing, layout_misc_corridors,
          nicolae_snake_linked_coils, uniq_donald, uniq_vashnia
Snake:4:  johnstein_snake_rune_scales, layout_onion_interference, serial_shops,
          shop, drop_trap, minmay_shop_grove
Orc:1:    layout_caves, okawaru_metal_pillars_3
Orc:2:    st_orc_mages, layout_caves, serial_shops, shop, minmay_orc_barracks
Elf:1:    nicolae_elf_arrival_fired_up, layout_geoelf_octagon, serial_shops,
          nicolae_shop_statue_plus, nicolae_square_shop, minivault_28,
          minmay_elf_annihilation
Elf:2:    elven_hall_of_blades_hangedman_alternative
          [nicolae_blade_entry_hurt_lockers], layout_rooms, mu_enter_wizlab_7,
          basic_altar, minmay_shop_star
Elf:3:    elf_hall, layout_loops_cross, fountainhead, grunt_ministairs_10
Vaults:1: ontoclasm_vaults_claustrophobia, v_misc_22,
          nicolae_vaults_twisting_passages, hangedman_vaults_maws, v_misc_13,
          vaults_dpeg_doors, vaults_room_grunt_arrival_ludios,
          vaults_mumra_hexcomb, hangedman_vaults_trim, layout_vaults_omnibox
Vaults:2: vaults_dpeg_hooks, v_misc_25, hangedman_vaults_corner_blocks,
          nicolae_vaults_what_the_h, v_misc_8, vaults_standard_mumra_x,
          minmay_crypt_entry_simple_round, hangedman_vaults_capsules,
          layout_vaults_omnigrid, serial_shops, nicolae_shop_hallway_plus,
          uniq_saint_roka
Vaults:3: nicolae_vaults_stairing_the_circle, ontoclasm_vaults_bender,
          vaults_dpeg_encased_lava, nicolae_vaults_network_barrier, v_misc_10,
          st_spiral_rooms, v_pattern_3, vaults_room_fancy_cross,
          hangedman_vaults_pinch, grunt_vaults_funnel, nicolae_vaults_asterisk,
          layout_vaults_ring, serial_shops, nicolae_shop_behind_doors
Depths:1: layout_cave_pools, kiku_gazebo_pond_becter, hell_entry,
          hangedman_abyss_entry_splay, minmay_misc_feat_ornament,
          dreamdust_looks_like_rain, serial_bayou_shore_b
Depths:2: kennysheep_windowed_halls, layout_gridlike, hellmouth_3,
          fedhas_altar_4, rand_demon_pan_entry_3, vehumet_crystals,
          infiniplex_staircase_trident
Depths:3: hangedman_stitches_corridor, layout_gridlike, enter_ziggurat_d,
          minmay_misc_feat_square, abyss_entry_flame_altar, serial_shops,
          nicolae_diamond_shop, grunt_hell_horde, uniq_enchantress
Depths:4: grunt_crosshair, layout_basic, hell_entry, roderic_three_in_a_row,
          serial_bayou_lagoon_a, minmay_shoptagon
Hell

Skill      XL: |  1  2  3  4  5  6  7  8  9 10 11 12 13 14 15 16 17 18 19 20 21 |
---------------+----------------------------------------------------------------+-----
Axes           | 2 3 4 5 6 7 9 11 13 15 16 17 18 19 20 | 20.0
Fighting       | 3 4 5 7 8 9 11 12 13 14 15 16 17 18 19 20 | 20.4
Armour         | 3 6 9 11 12 | 12.0
Necromancy     | 1 6 8 10 11 12 14 15 16 17 | 17.4
Evocations     | 4 6 8 |  8.0
Dodging        | 2 5 8 10 11 12 | 12.2
Transmutations | 6 7 |  7.2
Shields        | |  2.6

Action                   |  1- 3 |  4- 6 |  7- 9 | 10-12 | 13-15 | 16-18 | 19-21 || total
-------------------------+-------+-------+-------+-------+-------+-------+-------++-------
Melee: War axe           |   104 |   206 |   120 |   332 |   925 |    19 |       ||  1706
       Hand axe          |       |       |    16 |     2 |    21 |       |       ||    39
       Flail             |       |       |    81 |   131 |       |       |       ||   212
       Whip              |       |       |   173 |   335 |       |       |       ||   508
       Scimitar          |       |       |       |       |    44 |    50 |       ||    94
       Broad axe         |       |       |       |       |   144 |       |       ||   144
       Demon trident     |       |       |       |       |    18 |       |       ||    18
       Battleaxe         |       |       |       |       |   265 |  1635 |  1134 ||  3034
       Punch             |       |       |       |       |       |     3 |       ||     3
 Fire: Hunting sling     |    25 |     4 |     9 |     2 |       |       |       ||    40
Throw: Stone             |       |     7 |     2 |       |       |       |       ||     9
       Boomerang         |       |       |     8 |    39 |     1 |       |       ||    48
       Dart              |       |       |     3 |    21 |       |     8 |    13 ||    45
       Throwing net      |       |       |       |     2 |     2 |     1 |       ||     5
       Javelin           |       |       |       |       |     4 |    17 |     6 ||    27
 Cast: Pain              |       |       |       |       |     9 |       |       ||     9
       Animate Skeleton  |       |       |       |       |       |    11 |     7 ||    18
       Apportation       |       |       |       |       |       |     1 |       ||     1
       Death Channel     |       |       |       |       |       |     9 |    26 ||    35
       Animate Dead      |       |       |       |       |       |       |    26 ||    26
       Anguish           |       |       |       |       |       |       |    14 ||    14
Evoke: Wand              |       |     8 |    20 |     7 |     8 |    13 |       ||    56
       Tin of tremorston |       |       |       |     2 |       |     4 |     3 ||     9
       Phantom mirror    |       |       |       |       |     1 |     5 |     2 ||     8
       Phial of floods   |       |       |       |       |     1 |     3 |     1 ||     5
       Condenser vane    |       |       |       |       |       |     2 |     4 ||     6
       Lightning rod     |       |       |       |       |       |       |     8 ||     8
       Box of beasts     |       |       |       |       |       |       |     1 ||     1
  Use: Potion            |       |     1 |     1 |    13 |       |     2 |     3 ||    20
       Scroll            |       |       |     9 |    18 |     4 |    13 |     7 ||    51
 Stab: Paralysed         |       |     3 |    19 |       |       |     5 |       ||    27
       Held in net/web   |       |       |       |     2 |       |     2 |       ||     4
       Invisible         |       |       |       |     1 |       |       |       ||     1
       Petrified         |       |       |       |       |     2 |       |       ||     2
       Sleeping          |       |       |       |       |     1 |     4 |     5 ||    10
       Distracted        |       |       |       |       |       |     3 |    11 ||    14
Armor: Scale mail        |    29 |       |       |       |       |       |       ||    29
       Plate armour      |    18 |   186 |   210 |   268 |     9 |       |       ||   691
       Skin              |       |       |       |     5 |       |       |       ||     5
       Chain mail        |       |       |       |    85 |   664 |       |       ||   749
       Swamp dragon scal |       |       |       |       |   146 |   775 |   376 ||  1297
       Shadow dragon sca |       |       |       |       |       |       |    20 ||    20
Dodge: Dodged            |    36 |    68 |   119 |   185 |   435 |   926 |   653 ||  2422
Block: Buckler           |    35 |    51 |    79 |   154 |   203 |       |       ||   522
       Rpst.: War axe    |       |       |       |    14 |    54 |       |       ||    68
       Hand axe          |       |       |       |       |     2 |       |       ||     2
       Demon trident     |       |       |       |       |     3 |       |       ||     3
       Battleaxe         |       |       |       |       |    19 |   155 |   125 ||   299
       Broad axe         |       |       |       |       |     6 |       |       ||     6
       Scimitar          |       |       |       |       |     3 |     5 |       ||     8

Table legend: (Time is in decaauts)
 A = Elapsed time spent in this place.
 B = Non-inter-level travel time spent in this place.
 C = Inter-level travel time spent in this place.
 D = Time resting spent in this place.
 E = Time spent auto-exploring this place.
 F = Levels seen in this place.
 G = Mean time per level.
                   A        B        C        D        E       F      G
               +--------+--------+--------+--------+--------+-----+--------+
         Total |  93627 |  88546 |   5081 |  38591 |  27928 |  45 | 2080.6 |
       Dungeon |  27994 |  25595 |   2399 |  10043 |   9731 |  15 | 1866.3 |
          Lair |  12799 |  11993 |    806 |   4853 |   4510 |   6 | 2133.2 |
         Swamp |   9847 |   9600 |    247 |   5751 |   1806 |   4 | 2461.8 |
     Snake Pit |  14545 |  14193 |    352 |   7931 |   3015 |   4 | 3636.2 |
  Orcish Mines |   3530 |   3166 |    364 |   1078 |   1146 |   2 | 1765.0 |
   Elven Halls |   8172 |   7675 |    497 |   3365 |   2182 |   3 | 2724.0 |
        Vaults |   6528 |   6286 |    242 |   1739 |   2626 |   3 | 2176.0 |
        Depths |   5966 |   5795 |    171 |   1637 |   2599 |   4 | 1491.5 |
          Hell |     16 |     16 |      0 |      0 |      0 |   1 |   16.0 |
         Sewer |    155 |    155 |      0 |     19 |      9 |   1 |  155.0 |
        Wizlab |   2797 |   2797 |      0 |   1420 |    159 |   1 | 2797.0 |
      Gauntlet |   1274 |   1274 |      0 |    751 |    142 |   1 | 1274.0 |
               +--------+--------+--------+--------+--------+-----+--------+

Top non-repeatable levels by time:
 Snake:2: 5128 daAuts
 Snake:3: 4569 daAuts
 Swamp:4: 3837 daAuts
    D:10: 3728 daAuts
 Snake:1: 3333 daAuts
  Lair:1: 3129 daAuts
   Elf:3: 3108 daAuts
    D:11: 3053 daAuts
  Lair:2: 3049 daAuts
 Swamp:3: 3035 daAuts
     D:9: 2809 daAuts
  WizLab: 2797 daAuts
Depths:2: 2770 daAuts
Vaults:1: 2746 daAuts
   Elf:2: 2744 daAuts
